AoeStats
← BigCozy101

Black Forest

510025067Analyzed
3v3 RM · 4d ago on Sep 29, 2026· 72m 56s· 6 players
Game mode
Random Map
Map size
Normal (6 player)
Population
200
Speed
Normal
Resources
Standard
Victory
Conquest
Starting age
Dark Age
Ending age
Imperial Age
RankedLock teamsTeams togetherTeam positionsShared explorationLock speedFull tech treeHidden civsTurbo modeCheats
Victory
Defeat
🇺🇸 Malians · United States
690
+29
🇺🇸 Britons · United States
592
+18
🇺🇸 Spanish · United States
591
+19
🇲🇽 Huns · Mexico
676
-18
🇨🇴 Khmer · Colombia
662
-18
🇺🇸 Slavs · United States
632
-16
Gack13579
15:27 Feudal Age
15:52 Horse Collar
16:00 Double-Bit Axe
22:53 Castle Age
21:44 Fletching
24:17 Crossbowman
30:35 Bow Saw
35:16 Padded Archer Armor
38:48 Caravan
39:21 Heavy Plow
40:00 Yeomen
40:42 Bodkin Arrow
41:04 Leather Archer Armor
43:23 Imperial Age
41:43 Fortified Wall
41:55 Ballistics
42:10 Pikeman
44:35 Gold Mining
45:25 Elite Longbowman
46:08 Warwolf
46:34 Bracer
48:07 Two-Man Saw
47:51 Halberdier
48:35 Squires
49:31 Ring Archer Armor
49:11 Guard Tower
50:43 Onager
51:42 Forging
51:33 Scale Mail Armor
52:56 Chemistry
53:24 Keep
59:12 Gold Shaft Mining
61:11 Iron Casting
60:52 Chain Mail Armor
BigCozy101
5:50 Loom
12:27 Feudal Age
13:13 Horse Collar
13:23 Double-Bit Axe
15:45 Man-at-Arms
21:42 Castle Age
23:10 Arson
24:39 Long Swordsman
24:40 Pikeman
25:21 Squires
25:36 Forging
25:27 Scale Mail Armor
25:33 Scale Barding Armor
26:09 Heavy Plow
28:28 Caravan
30:28 Husbandry
33:09 Wheelbarrow
34:01 Bow Saw
37:15 Imperial Age
38:10 Ballistics
37:19 Two-Handed Swordsman
38:11 Champion
38:18 Cavalier
39:01 Guard Tower
40:22 Chemistry
40:02 Iron Casting
39:42 Chain Mail Armor
39:49 Chain Barding Armor
40:36 Crop Rotation
40:44 Hand Cart
40:14 Town Watch
42:05 Elite Gbeto
43:08 Farimba
43:38 Gold Mining
43:38 Stone Mining
44:12 Guilds
46:28 Town Patrol
47:04 Plate Mail Armor
47:10 Plate Barding Armor
47:14 Keep
48:48 Capped Ram
Jazzbum
3:25 Loom
11:57 Feudal Age
14:44 Man-at-Arms
20:03 Castle Age
18:38 Horse Collar
25:54 Double-Bit Axe
27:16 Bow Saw
30:58 Gold Mining
31:00 Stone Mining
31:15 Heavy Plow
33:20 Caravan
36:03 Imperial Age
36:46 Wheelbarrow
37:42 Stone Shaft Mining
38:12 Two-Man Saw
38:44 Bloodlines
38:35 Husbandry
37:55 Cavalier
39:03 Hand Cart
38:26 Man-at-Arms
38:52 Gambesons
39:08 Squires
38:53 Arson
39:19 Forging
39:09 Scale Mail Armor
39:15 Scale Barding Armor
40:52 Iron Casting
40:53 Ballistics
41:34 Chemistry
40:18 Long Swordsman
42:19 Capped Ram
43:28 Bombard Tower
43:07 Paladin
45:41 Murder Holes
46:00 Fortified Wall
45:48 Murder Holes
45:49 Elite Conquistador
46:50 Supremacy
46:09 Two-Handed Swordsman
47:52 Blast Furnace
47:07 Chain Mail Armor
47:12 Chain Barding Armor
46:57 Onager
47:00 Siege Ram
47:36 Champion
52:57 Plate Mail Armor
53:02 Plate Barding Armor
Northstar2
2:05 Loom
14:40 Feudal Age
19:13 Double-Bit Axe
28:22 Castle Age
29:18 Forging
29:08 Scale Mail Armor
29:14 Scale Barding Armor
31:00 Bow Saw
31:30 Iron Casting
31:10 Chain Mail Armor
31:36 Wheelbarrow
38:01 Imperial Age
35:45 Detinets
37:10 Light Cavalry
38:01 Bloodlines
37:51 Husbandry
40:37 Hussar
42:04 Chain Barding Armor
41:30 Horse Collar
46:08 Blast Furnace
45:38 Plate Mail Armor
45:43 Plate Barding Armor
46:22 Two-Man Saw
45:30 Heavy Plow
45:56 Atonement
46:21 Sanctity
46:58 Hoardings
46:31 Pikeman
47:12 Squires
47:13 Murder Holes
47:30 Masonry
47:43 Ballistics
47:29 Fletching
48:08 Gold Mining
48:54 Illumination
49:56 Bodkin Arrow
53:27 Gold Shaft Mining
53:13 Halberdier
55:38 Conscription
55:21 Druzhina
56:08 Druzhina
ingeJOTHAS
0:30 Loom
16:35 Feudal Age
17:59 Horse Collar
19:41 Double-Bit Axe
22:45 Castle Age
22:26 Stone Mining
22:33 Gold Mining
27:58 Heavy Plow
28:05 Caravan
33:35 Bow Saw
34:38 Fortified Wall
34:28 Pikeman
35:22 Forging
35:13 Scale Mail Armor
35:20 Scale Barding Armor
35:15 Padded Archer Armor
35:06 Fletching
36:30 Wheelbarrow
35:40 Town Watch
37:05 Stone Shaft Mining
37:06 Gold Shaft Mining
37:45 Hand Cart
40:45 Imperial Age
40:20 Coinage
40:36 Town Patrol
40:52 Masonry
41:19 Iron Casting
40:59 Chain Mail Armor
41:05 Chain Barding Armor
41:00 Leather Archer Armor
40:41 Bodkin Arrow
40:14 Elite Skirmisher
42:13 Banking
41:22 Halberdier
41:48 Arson
42:31 Conscription
42:43 Elite Battle Elephant
44:21 Double Crossbow
44:35 Bloodlines
44:25 Husbandry
43:46 Light Cavalry
43:49 Cavalier
44:07 Elite Ballista Elephant
44:48 Tusk Swords
45:25 Hoardings
45:53 Blast Furnace
45:29 Plate Barding Armor
47:24 Ring Archer Armor
46:55 Bracer
47:28 Architecture
47:03 Murder Holes
48:36 Chemistry
51:28 Siege Engineers
51:14 Heated Shot
51:44 Ballistics
53:34 Hussar
55:30 Crop Rotation
61:12 Onager
hunnyimhome9
0:33 Loom
14:31 Feudal Age
15:20 Double-Bit Axe
15:28 Town Watch
17:44 Wheelbarrow
23:13 Stone Mining
23:14 Gold Mining
28:06 Castle Age
27:17 Horse Collar
29:01 Bow Saw
32:23 Elite Skirmisher
33:46 Heavy Plow
34:05 Padded Archer Armor
36:10 Leather Archer Armor
38:10 Light Cavalry
39:45 Gold Shaft Mining
39:51 Masonry
39:38 Murder Holes
40:30 Hand Cart
40:59 Fletching
42:09 Scale Barding Armor
42:15 Forging
42:34 Caravan
43:35 Chain Barding Armor
43:52 Bloodlines
43:43 Husbandry
43:41 Pikeman
48:30 Imperial Age
50:18 Cavalier
50:20 Hussar
51:28 Conscription
51:09 Marauders
51:27 Bodkin Arrow
53:28 Iron Casting
55:37 Two-Man Saw
Connection lost

Rejoining the realm…

Still unreachable

The connection could not be restored.

Session expired

The server has moved on; the page needs a fresh start.